 Dungeon Crawl Stone Soup version 0.30-a0-222-ge547ba4400 (webtiles) character file.

Game seed: 2281372997523713899

222 qw the Chopper (level 5, -5/33 HPs)
             Began as a Gargoyle Fighter on Oct 8, 2022.
             Slain by a gnoll
             ... wielding a +0 halberd
              (11 damage)
             ... on level 4 of the Dungeon.
             The game lasted 00:01:08 (2638 turns).

qw the Chopper (Gargoyle Fighter)                   Turns: 2638, Time: 00:01:09

Health: -5/33      AC: 15    Str: 21    XL:     5   Next: 99%
Magic:  5/5        EV:  7    Int:  9    God:
Gold:   224        SH:  4    Dex:  9    Spells: 4/4 levels left

rFire   . . .      SeeInvis .    Y - +0 war axe
rCold   . . .      Faith    .    c - +0 buckler
rNeg    + . .      Spirit   .    n - +0 chain mail
rPois   inf        Reflect  .    g - +1 helmet
rElec   +          Harm     .    (no cloak)
rCorr   .          Rampage  .    (no gloves)
Will    .....                    (no boots)
Stlth   ..........               (no amulet)
HPRegen 0.25/turn                (no ring)
MPRegen 0.09/turn                (no ring)

@: no status effects
A: sickness immunity, AC +4, negative energy resistance 1, electricity
resistance, torment resistance 1, petrification resistance
a: no special abilities


You were on level 4 of the Dungeon.
You visited 1 branch of the dungeon, and saw 4 of its levels.

You collected 224 gold pieces.


Innate Abilities, Weirdness & Mutations

You are immune to sickness and miasma.
Your stone body is resilient. (AC +4)
You are immune to poison.
You resist negative energy. (rN+)
You are resistant to electric shocks. (rElec)
You are resistant to unholy torment.
You are immune to petrification.


   Skills:
 - Level 4.0 Fighting
 + Level 5.1 Axes
 - Level 3.2 Armour
 - Level 3.2 Shields


You had 4 spell levels left.
You didn't know any spells.
Your spell library was empty.

Inventory:

Hand Weapons
 i - a +0 whip of electrocution
 Y - a +0 war axe (weapon)
Armour
 b - a +0 tower shield
 c - a +0 buckler (worn)
 g - a +1 helmet (worn)
 n - a +0 chain mail (worn)
Potions
 a - a potion of ambrosia {unknown}
 d - 3 potions of might
 e - a potion of haste {unknown}
 f - a potion of degeneration {unknown}
 h - a potion of invisibility {unknown}
 j - a potion of flight {unknown}

Dungeon Overview and Level Annotations

Branches:
Dungeon (4/15)
 Temple: D:4-7

Altars:

Annotations:
D:4 Edmund


Message History

An orc comes into view. It is wielding a +0 mace.
You block the gnoll's attack.
The gnoll hits you from afar with a +0 halberd!
You hit the gnoll.
The gnoll is moderately wounded.
An orc comes into view.
It is wielding a +0 short sword and wearing the amulet "Fis Cyn" {Rampage Regen+}.
The gnoll hits you but does no damage. x2
You barely miss the gnoll.
The gnoll is moderately wounded.
The gnoll hits you but does no damage.
The gnoll hits you from afar with a +0 halberd.
The gnoll hits you but does no damage.
A gnoll comes into view. It is wielding a +0 flail.
The gnoll hits you from afar with a +0 halberd!
You hit the gnoll but do no damage.
The gnoll is moderately wounded.
You hit the orc but do no damage. The orc hits you but does no damage.
The gnoll barely misses you. x2
You closely miss the gnoll.
The gnoll is moderately wounded.
You barely miss the orc. The orc barely misses you.
The gnoll hits you with a +0 spear. The gnoll hits you but does no damage.
You closely miss the gnoll.
The gnoll is moderately wounded.
You barely miss the orc. The gnoll closely misses you.
You block the gnoll's attack. The gnoll hits you but does no damage.
The orc priest miscasts a cantrip.
The orc hits you but does no damage. x2
The gnoll hits you from afar with a +0 halberd.
You hit the gnoll.
The gnoll is moderately wounded.
You barely miss the orc priest. You slash the orc!
You kill the orc!
You hit the orc.
The orc priest hits you but does no damage.
The gnoll closely misses you. You block the orc's attack.
The gnoll hits you from afar with a +0 halberd!
You die...

############
#######.####
#######...........
...........%
#..............#
#######)####
###.......)......## #.#
# ..................#
#.# #
..................# #.#
# ..................#
#.# #
..................# #..
. ...............o@.#
... .
...............oogg.g...
...
...##.########....o#...#
...##.# #.##.## ..#
..... . ..# .. .. ##....
... ... . .... #### ...
.###


You could see an orc priest, 3 gnolls and 3 orcs.

Vanquished Creatures
  A black bear (D:3)
  A gnoll (D:4)
  4 adders
  An adder zombie (D:2)
  2 adder skeletons (D:2)
  A worm (D:2)
  A dart slug (D:1)
  2 orcs (D:4)
  4 ball pythons
  3 bat zombies (D:2)
  8 endoplasms
  10 giant cockroaches
  2 goblins
  5 hobgoblins
  2 jackals (D:1)
  3 quokkas
  A ball python skeleton (D:2)
  5 bats
  5 frilled lizards
  3 kobolds
  2 quokka skeletons (D:2)
  6 rats
72 creatures vanquished.

Vanquished Creatures (others)
  A withered plant (D:2)
1 creature vanquished.

Grand Total: 73 creatures vanquished

Notes
Turn   | Place    | Note
-------+----------+-------------------------------------------
     0 | D:1      | qw the Gargoyle Fighter began the quest for the Orb.
     0 | D:1      | Reached XP level 1. HP: 14/14 MP: 1/1
     0 | D:1      | 0 ||| qw: Version: 0.2-a-17-gfa9de96
     0 | D:1      | 0 ||| qw: Game counter: 1998
     0 | D:1      | 0 ||| qw: Always use a shield: true
     0 | D:1      | 0 ||| qw: God list: Okawaru
     0 | D:1      | 0 ||| qw: Allow faded altars: false
     0 | D:1      | 0 ||| qw: Do Orc after D:15 true
     0 | D:1      | 0 ||| qw: Do second Lair branch before Depths: true
     0 | D:1      | 0 ||| qw: Lair rune preference: random
     0 | D:1      | 0 ||| qw: Plans: Normal, Zot:1-4, God:TSO, Crypt, Tomb,
                  | Pan, Slime:5, Hells, Abyss, Orb
     0 | D:1      | 0 ||| PLANNING D:1-11
   175 | D:1      | Reached skill level 2 in Axes
   247 | D:1      | 247 ||| Stepping ~*~*~tactically~*~*~ (stealth).
   248 | D:1      | 248 ||| Stepping ~*~*~tactically~*~*~ (stealth).
   269 | D:1      | Reached XP level 2. HP: 19/19 MP: 2/2
   302 | D:1      | 302 ||| Stepping ~*~*~tactically~*~*~ (hiding).
   304 | D:1      | 304 ||| Stepping ~*~*~tactically~*~*~ (hiding).
   306 | D:1      | 306 ||| Stepping ~*~*~tactically~*~*~ (hiding).
   638 | D:1      | Found a faded altar of an unknown god.
   848 | D:1      | 848 ||| READING scroll labelled MOSACW HOWYNU.
   853 | D:1      | 853 ||| READING scroll labelled MUSAHI DIEXT.
   854 | D:1      | 854 ||| READING scroll labelled HAMOLI KOUTUST.
   951 | D:2      | Reached skill level 3 in Axes
   955 | D:2      | Reached XP level 3. HP: 23/23 MP: 3/3
  1019 | D:2      | 1019 ||| Stepping ~*~*~tactically~*~*~ (stealth).
  1022 | D:2      | 1022 ||| Stepping ~*~*~tactically~*~*~ (stealth).
  1226 | D:2      | Reached XP level 4. HP: 28/28 MP: 4/4
  1593 | D:2      | 1593 ||| UPGRADING to +0 helmet.
  1598 | D:2      | 1598 ||| READING scroll of enchant armour.
  1598 | D:2      | 1598 ||| ENCHANTING +0 helmet.
  1599 | D:2      | 1599 ||| DRINKING 2 smoky coppery potions.
  1600 | D:2      | 1600 ||| DROPPING potion of brilliance.
  1738 | D:3      | Reached skill level 4 in Axes
  1951 | D:3      | Noticed a black bear
  1962 | D:3      | Killed a black bear
  1963 | D:3      | Reached skill level 5 in Axes
  1963 | D:3      | Reached XP level 5. HP: 27/32 MP: 5/5
  1994 | D:3      | 1994 ||| Stepping ~*~*~tactically~*~*~ (stealth).
  2007 | D:3      | 2007 ||| Stepping ~*~*~tactically~*~*~ (stealth).
  2337 | D:3      | 2337 ||| UPGRADING to +0 chain mail.
  2347 | D:3      | 2347 ||| DROPPING +0 scale mail.
  2348 | D:3      | 2348 ||| READING scroll labelled FUAQEN BONI.
  2349 | D:3      | 2349 ||| READING 2 scrolls labelled VIWNI LUOCZO.
  2350 | D:3      | 2350 ||| READING 2 scrolls labelled POENOGH UNUE.
  2373 | D:3      | 2373 ||| DROPPING scroll of summoning.
  2374 | D:3      | 2374 ||| DROPPING scroll of torment.
  2422 | D:4      | Noticed Edmund
  2428 | D:4      | HP: 8/33 [Edmund/+1 dire flail of protection (8)]
  2429 | D:4      | 2429 ||| READING scroll of teleportation.
  2633 | D:4      | Identified the amulet "Fis Cyn" {Rampage Regen+}
  2637 | D:4      | HP: 6/33 [gnoll/+0 halberd (3)]
  2638 | D:4      | Slain by a gnoll

Levels and vault maps discovered:
D:1:      heliophobic_arrival_ceremonial_halls, layout_loops_cross,
          hellmonk_ecumenical_altar_blasted, hex_large,
          dreamdust_mushroom_princess
D:2:      minmay_roachtagon, layout_rooms, serial_undead, serial_undead_a,
          serial_undead_c, serial_undead_a, serial_undead_e
D:3:      minmay_chambers_of_twos, layout_basic
D:4:      layout_basic, uniq_edmund

Skill      XL: |  1  2  3  4  5 |
---------------+----------------+-----
Axes           | 2 3 5 |  5.1
Fighting       | 4 |  4.0
Armour         | |  3.2
Shields        | |  3.2

Action                   |  1- 3 |  4- 6 || total
-------------------------+-------+-------++-------
Melee: War axe           |   121 |   136 ||   257
  Use: Scroll            |     3 |     5 ||     8
       Potion            |       |     1 ||     1
Armor: Scale mail        |    56 |    60 ||   116
       Chain mail        |       |    21 ||    21
Dodge: Dodged            |    76 |    48 ||   124
Block: Buckler           |    24 |    35 ||    59

Table legend:
 A = Non-vault XP
 B = Vault XP
 C = Vault XP percentage of total XP
 D = Non-vault monster count
 E = Vault monster count
 F = Vault count percentage of total count
                 A         B        C        D         E       F
            +---------+---------+-------+---------+---------+-------
      Total |     123 |     198 |  61.7 |      48 |      24 |  33.3
            +---------+---------+-------+---------+---------+-------
        D:1 |      24 |       0 |   0.0 |      13 |       0 |   0.0
        D:2 |      31 |      39 |  55.7 |      18 |      16 |  47.1
        D:3 |      32 |     159 |  83.2 |      12 |       8 |  40.0
        D:4 |      36 |       0 |   0.0 |       5 |       0 |   0.0
            +---------+---------+-------+---------+---------+-------
